 Dungeon Crawl Stone Soup version 0.31-a0-267-g3fc6992b3b (webtiles) character file.

Game seed: 10508800391032311823

1285 qw the Skirmisher (level 8, -1/68 HPs)
             Began as a Minotaur Hexslinger on July 13, 2023.
             Succumbed to a water moccasin's poison
             ... on level 5 of the Dungeon.
             The game lasted 00:01:56 (5390 turns).

qw the Skirmisher (Minotaur Hexslinger)             Turns: 5390, Time: 00:01:57

Health: -1/68      AC:  6    Str: 13    XL:     8   Next: 29%
Magic:  1/8        EV: 12    Int: 10    God:
Gold:   207        SH:  0    Dex: 18    Spells: 8/9 levels left

rFire   . . .        Y - +1 sling
rCold   . . .        (no shield)
rNeg    . . .        i - +0 ring mail
rPois   .            (helmet restricted)
rElec   .            f - +0 cloak "Jokod" {Rampage Drain Dex+3}
rCorr   .            (no gloves)
SInv    .            (no boots)
Will    .....        h - amulet of guardian spirit
Stlth   +            (no ring)
HPRegen 0.31/turn    (no ring)
MPRegen 0.11/turn

%: guardian spirit, rampage
@: lethally poisoned (-1 -> -16)
A: horns 2, retaliatory headbutt
a: no special abilities


You were on level 5 of the Dungeon.
You visited 1 branch of the dungeon, and saw 6 of its levels.

You collected 207 gold pieces.


Innate Abilities, Weirdness & Mutations

You have a pair of horns on your head.
You reflexively headbutt those who attack you in melee.


   Skills:
 + Level 5.0 Fighting
 - Level 9.6 Ranged Weapons
 - Level 2.1 Armour
 - Level 3.4 Dodging
 - Level 1.0 Spellcasting
 - Level 2.0 Hexes


You had 8 spell levels left.
You knew the following spells:

 Your Spells              Type           Power      Damage    Failure   Level
a - Slow                  Hex            16%        N/A       32%         1

Your spell library contained the following spells:

 Spells                   Type           Power      Damage    Failure   Level
 Inner Flame              Hex/Fire       2%         N/A       82%         3
 Portal Projectile        Hex/Tloc       4%         N/A       82%         3
 Cause Fear               Hex            2%         N/A       97%         4

Inventory:

Hand Weapons
 Y - a +1 sling (weapon)
Armour
 f - the +0 cloak "Jokod" (worn) {Rampage Drain Dex+3}
   (You acquired it on level 3 of the Dungeon)

   Dex:       It affects your dexterity (+3).
   Drain:     It drains your maximum health when unequipped.
   Rampage:   It bestows one free step when moving towards enemies.
 i - a +0 ring mail (worn)
Jewellery
 a - a ring of ice
 c - an amulet of the acrobat
 h - an amulet of guardian spirit (around neck)
Scrolls
 e - a scroll of identify
Potions
 d - a potion of enlightenment
 g - a potion of curing
 l - a potion of mutation {unknown}

Dungeon Overview and Level Annotations

Branches:
Dungeon (6/15)
 Temple: D:4-7

Altars:
Sif Muna

Annotations:
D:2 1 runed translucent door, Crazy Yiuf
D:5 3 runed translucent doors, qw's ghost, amateur GrHs


Message History

You shoot a sling bullet.
The sling bullet hits the water moccasin.
The water moccasin is heavily wounded.
You feel very sick. The water moccasin closely misses you.
You shoot a sling bullet.
The sling bullet closely misses the water moccasin.
You feel sick. The water moccasin bites you.
You are more poisoned.
The water moccasin poisons you! The water moccasin bites you.
You shoot a sling bullet.
The sling bullet completely misses the water moccasin.
You feel very sick. The water moccasin bites you.
You shoot a sling bullet.
The sling bullet misses the water moccasin.
You feel very sick. The water moccasin barely misses you.
The water moccasin misses you.
You shoot a sling bullet.
The sling bullet closely misses the water moccasin.
You feel very sick. The water moccasin bites you.
You shoot a sling bullet.
The sling bullet barely misses the water moccasin.
You feel very sick.
The water moccasin bites you but does no damage.
The water moccasin bites you.
You shoot a sling bullet.
The sling bullet misses the water moccasin.
You feel sick. The water moccasin misses you.
You shoot a sling bullet.
The sling bullet misses the water moccasin.
You feel sick.
The water moccasin bites you but does no damage.
The water moccasin bites you.
You are more poisoned.
The water moccasin poisons you!
You shoot a sling bullet.
The sling bullet barely misses the water moccasin.
You die...

.# #...# #.########.# .# #.###
##'## #.# .# #...# ##...## #.# .#
###.# ##.....## #.###### .# ##.##
##.......## #......#
#####...####...(.....####...##.#
...........'.........'.......#.#
#####.<.####.........####...##.##
# ##.## ##...@...## ##.#.>... #
#...# ##<.S..## #####.#^## #
#.#.# ##...## #.......## #
###...#### ##'## #.###.#### #
#........#####.#######.# #.#### #
#.##................##.# #..... #
#.##..#####.##[####.##.# ###### #
#.##..# #.#...###.##.# #.##..#
#......##.##.#


You could see a water moccasin.

Vanquished Creatures
  Pikel (D:5)
  An ice beast (D:4)
  An ogre (D:5)
  A bullfrog (D:6)
  3 scorpions (D:5)
  3 hounds
  A gnoll bouda (D:5)
  Jessica (D:3)
  An iguana (D:5)
  3 gnolls (D:5)
  15 adders
  An ufetubus (D:5)
  3 worms
  5 dart slugs
  6 orcs
  7 endoplasms
  A giant cockroach (D:4)
  8 goblins
  7 hobgoblins
  4 quokkas
  6 ball pythons
  8 bats
  10 frilled lizards
  7 kobolds
  2 rats
106 creatures vanquished.

Notes
Turn   | Place    | Note
-------+----------+-------------------------------------------
     0 | D:1      | qw the Minotaur Hexslinger began the quest for the Orb.
     0 | D:1      | Reached XP level 1. HP: 16/16 MP: 1/1
     0 | D:1      | 0 ||| qw: Version: 0.3-a-52-g30416fa
     0 | D:1      | 0 ||| qw: Game counter: 7713
     0 | D:1      | 0 ||| qw: Melee chars always use a shield: true
     0 | D:1      | 0 ||| qw: God list: Okawaru
     0 | D:1      | 0 ||| qw: Allow faded altars: false
     0 | D:1      | 0 ||| qw: Do Orc after clearing Dungeon:15 true
     0 | D:1      | 0 ||| qw: Do second Lair branch before Depths: true
     0 | D:1      | 0 ||| qw: Lair rune preference: random
     0 | D:1      | 0 ||| qw: Goals: Normal
     0 | D:1      | 0 ||| PLANNING D:1-11
   150 | D:1      | Reached skill level 3 in Ranged Weapons
   150 | D:1      | Reached XP level 2. HP: 22/23 MP: 2/2
   649 | D:1      | 649 ||| READING scroll labelled RIWONO YNEKLAA.
   650 | D:1      | 650 ||| DROPPING scroll of poison.
   721 | D:2      | Reached XP level 3. HP: 29/29 MP: 3/3
   754 | D:2      | Reached skill level 4 in Ranged Weapons
  1089 | D:2      | Reached XP level 4. HP: 30/36 MP: 4/4
  1244 | D:2      | Found a runed translucent door.
  1245 | D:2      | Noticed Crazy Yiuf
  1512 | D:2      | Reached skill level 5 in Ranged Weapons
  1707 | D:2      | 1707 ||| UPGRADING to +0 leather armour.
  1717 | D:2      | 1717 ||| DROPPING +0 robe.
  1718 | D:2      | 1718 ||| UPGRADING to amulet of guardian spirit.
  1723 | D:2      | 1723 ||| READING scroll labelled JIRUR DOQA.
  1799 | D:2      | 1799 ||| READING scroll labelled BUFFEELLO YMAC.
  2350 | D:3      | Reached skill level 3 in Fighting
  2350 | D:3      | Reached XP level 5. HP: 42/45 MP: 5/5
  2505 | D:3      | Noticed Jessica
  2509 | D:3      | Killed Jessica
  2517 | D:3      | Found a shimmering blue altar of Sif Muna.
  2739 | D:3      | 2739 ||| UPGRADING to +0 ring mail.
  2749 | D:3      | 2749 ||| DROPPING +0 leather armour.
  2750 | D:3      | 2750 ||| READING 2 scrolls labelled LECUME EHODD.
  2751 | D:3      | 2751 ||| READING scroll labelled ZUIKHL DANGAXZUBB.
  2752 | D:3      | 2752 ||| READING scroll labelled NEXKUFOEDU.
  2752 | D:3      | Identified a scroll of acquirement
  2752 | D:3      | 2752 ||| ACQUIRING +0 cloak "Jokod" {Rampage Drain Dex+3}
  2752 | D:3      | Acquired the +0 cloak "Jokod" {Rampage Drain Dex+3}
  2754 | D:3      | 2754 ||| UPGRADING to +0 cloak "Jokod" {Rampage Drain
                  | Dex+3}.
  2759 | D:3      | 2759 ||| READING 3 scrolls of identify.
  2759 | D:3      | 2759 ||| IDENTIFYING bubbling grey potion
  2760 | D:3      | 2760 ||| READING 2 scrolls of identify.
  2760 | D:3      | 2760 ||| IDENTIFYING fuming black potion
  2761 | D:3      | 2761 ||| DROPPING scroll of fear.
  2762 | D:3      | 2762 ||| DROPPING potion of degeneration.
  2821 | D:4      | Reached skill level 1 in Armour
  2985 | D:4      | Reached XP level 6. HP: 47/51 MP: 6/6
  3032 | D:4      | Reached skill level 6 in Ranged Weapons
  3225 | D:5      | Entered Level 5 of the Dungeon
  3824 | D:5      | Reached skill level 7 in Ranged Weapons
  3968 | D:5      | Reached XP level 7. HP: 59/59 MP: 7/7
  4005 | D:5      | Noticed qw's ghost (amateur GrHs)
  4005 | D:5      | Noticed a shadow
  4011 | D:5      | Found a runed translucent gate.
  4011 | D:5      | Found a runed translucent gate.
  4011 | D:5      | Found a runed translucent gate.
  4240 | D:5      | Noticed Pikel
  4252 | D:5      | Killed Pikel
  4253 | D:5      | Reached skill level 9 in Ranged Weapons
  4253 | D:5      | Reached XP level 8. HP: 27/66 MP: 2/8
  4253 | D:5      | 4253 ||| FLEEEEING.
  4254 | D:5      | 4254 ||| FLEEEEING.
  4255 | D:5      | 4255 ||| FLEEEEING.
  4256 | D:5      | 4256 ||| FLEEEEING.
  4257 | D:5      | 4257 ||| FLEEEEING.
  4258 | D:5      | 4258 ||| FLEEEEING.
  4259 | D:5      | 4259 ||| FLEEEEING.
  4262 | D:5      | 4262 ||| FLEEEEING.
  4263 | D:5      | 4263 ||| FLEEEEING.
  4264 | D:5      | 4264 ||| FLEEEEING.
  4265 | D:5      | 4265 ||| FLEEEEING.
  4266 | D:5      | 4266 ||| FLEEEEING.
  4267 | D:5      | 4267 ||| FLEEEEING.
  4268 | D:5      | 4268 ||| FLEEEEING.
  4269 | D:5      | 4269 ||| FLEEEEING.
  4270 | D:5      | 4270 ||| FLEEEEING.
  4271 | D:5      | 4271 ||| FLEEEEING.
  4272 | D:5      | 4272 ||| FLEEEEING.
  4273 | D:5      | 4273 ||| FLEEEEING.
  4274 | D:5      | 4274 ||| FLEEEEING.
  4275 | D:5      | 4275 ||| FLEEEEING.
  4276 | D:5      | 4276 ||| STAIRDANCE
  4377 | D:4      | 4377 ||| READING scroll labelled JUSMAU ESHRI.
  4378 | D:4      | 4378 ||| DRINKING 2 viscous ruby potions.
  4381 | D:5      | 4381 ||| STAIRDANCE
  4388 | D:4      | HP: 12/66 [ice beast (5)]
  4389 | D:4      | 4389 ||| READING 2 scrolls of teleportation.
  4735 | D:5      | 4735 ||| FLEEEEING.
  5110 | D:5      | 5110 ||| READING 2 scrolls labelled FOYCSA WESUIM.
  5111 | D:5      | 5111 ||| DROPPING scroll of vulnerability.
  5143 | D:6      | 5143 ||| STAIRDANCE
  5144 | D:6      | Reached skill level 3 in Dodging
  5151 | D:5      | HP: 14/68 [water moccasin (5)]
  5152 | D:5      | 5152 ||| READING scroll of teleportation.
  5385 | D:5      | HP: 17/68 [poisoned by a water moccasin]
  5387 | D:5      | HP: 8/68 [water moccasin (2)]
  5389 | D:5      | HP: 2/68 [water moccasin (3)]
  5390 | D:5      | Succumbed to a water moccasin's poison

Levels and vault maps discovered:
D:1:      lightli_arrival_flooded_house, layout_loops_cross
D:2:      layout_basic, uniq_crazy_yiuf_cottage
D:3:      cheibrodos_old_hovel, layout_loops_ring, tgw_sif, patterned_corridor
D:4:      layout_rooms
D:5:      nicolae_cairo_tiling_very_big, layout_loops_corners,
          nicolae_overflow_hidden_temple, gammafunk_ghost_split, uniq_pikel
D:6:      layout_gridville, serial_shops, shop, st_stairs_14

Skill      XL: |  1  2  3  4  5  6  7  8 |
---------------+-------------------------+-----
Ranged Weapons | 3 4 5 7 9 |  9.6
Fighting       | 2 3 4 5 |  5.0
Armour         | 1 2 |  2.1
Dodging        | 3 |  3.4
Spellcasting   | |  1.0
Hexes          | |  2.0

Action                     |  1- 3 |  4- 6 |  7- 9 || total
---------------------------+-------+-------+-------++-------
   Fire: Sling             |   112 |   226 |    85 ||   423
    Use: Scroll            |     1 |     7 |     4 ||    12
         Potion            |       |       |     1 ||     1
 Armour: Robe              |     5 |     1 |       ||     6
         Leather armour    |       |     5 |       ||     5
         Ring mail         |       |    37 |    19 ||    56
  Dodge: Dodged            |    22 |    83 |    38 ||   143

Table legend:
 A = Non-vault XP
 B = Vault XP
 C = Vault XP percentage of total XP
 D = Non-vault monster count
 E = Vault monster count
 F = Vault count percentage of total count
                 A         B        C        D         E       F
            +---------+---------+-------+---------+---------+-------
      Total |    1180 |     656 |  35.7 |     103 |       3 |   2.8
            +---------+---------+-------+---------+---------+-------
        D:1 |      32 |       0 |   0.0 |      19 |       0 |   0.0
        D:2 |     113 |       0 |   0.0 |      29 |       0 |   0.0
        D:3 |      87 |      39 |  31.0 |      18 |       2 |  10.0
        D:4 |     263 |       0 |   0.0 |      16 |       0 |   0.0
        D:5 |     600 |     617 |  50.7 |      20 |       1 |   4.8
        D:6 |      85 |       0 |   0.0 |       1 |       0 |   0.0
            +---------+---------+-------+---------+---------+-------
